 Dungeon Crawl Stone Soup version 0.27-b1-41-gafb5482f4b (webtiles) character file.

Game seed: 14626703424858175061

44 horus123 the Magician (level 3, 0/25 HPs)
             Began as a Djinni Fire Elementalist on July 28, 2021.
             Slain by a gnoll (3 damage)
             ... on level 2 of the Dungeon.
             The game lasted 00:04:50 (1500 turns).

horus123 the Magician (Djinni Fire Elementalist)    Turns: 1500, Time: 00:04:51

Health: 0/25       AC:  2    Str:  7    XL:     3   Next: 87%
Gold:   61         EV:  6    Int: 17    God:
                   SH:  0    Dex: 13

rFire    + + .     SeeInvis .   (no weapon)
rCold    x . .     Faith    .   (no shield)
rNeg     . . .     Spirit   .   a - +0 robe
rPois    ∞         Reflect  .   (no helmet)
rElec    .         Harm     .   (no cloak)
rCorr    .         Rampage  .   (no gloves)
Will     .....                  (boots unavailable)
Stlth    ++........             i - amulet of regeneration
HPRegen  0.08/turn              (no ring)
MPRegen  0.00/turn              (no ring)

@: flying, held
A: sickness immunity, fire resistance 2, cold vulnerability 1, float, innate
caster, hp casting, extra vitality 1
a: no special abilities


You were on level 2 of the Dungeon.
You visited 1 branch of the dungeon, and saw 2 of its levels.

You collected 61 gold pieces.

Inventory:

Hand Weapons
 h - a +2 dagger of electrocution
Armour
 a - a +0 robe (worn)
Jewellery
 i - an amulet of regeneration (around neck)
Scrolls
 b - a scroll of acquirement {unknown}
 c - 2 scrolls of immolation {unknown}
 f - a scroll of fog {unknown}
 g - 2 scrolls of blinking {unknown}
Potions
 d - a potion of haste {unknown}
 e - a potion of cancellation {unknown}


   Skills:
 + Level 2.4 Dodging
 + Level 1.6 Stealth
 * Level 3.4 Spellcasting


You couldn't memorise any spells.
You knew the following spells:

 Your Spells              Type           Power      Damage    Failure   Level
a - Foxfire               Conj/Fire      56%        2x1d6     4%          1
b - Conjure Flame         Conj/Fire      14%        6-21      12%         3
c - Inner Flame           Hex/Fire       14%        N/A       12%         3
d - Sticky Flame          Conj/Fire      14%        2d4       38%         4
e - Fireball              Conj/Fire      7%         3d5       75%         5
f - Freeze                Ice            56%        1d7       4%          1
Your spell library was empty.

Dungeon Overview and Level Annotations

Branches:
Dungeon (2/15)

Altars:

Shops:
D:1 ?


Innate Abilities, Weirdness & Mutations

You are immune to sickness and miasma.
You are immune to poison.
Your flesh is very heat resistant. (rF++)
You are vulnerable to cold. (rC-)
You float through the air rather than walking.
You learn spells naturally, not from books.
Your magical power is your life essence.
You have superior vitality. (+4 HP)


Message History

You conjure some foxfire!
The foxfire hits the gnoll.
The gnoll is lightly wounded.
Casting: Foxfire (safe; 4% risk of failure)
Press: ? - help, Q - select action, (/) - cycle Dir - look around, f - activate You conjure some foxfire!
The foxfire hits the gnoll.
The gnoll is heavily wounded.
The foxfire hits the gnoll.
The gnoll is severely wounded.
The foxfire hits the gnoll.
The gnoll is severely wounded.
Casting: Foxfire (safe; 4% risk of failure)
Press: ? - help, Q - select action, (/) - cycle Dir - look around, f - activate You conjure some foxfire!
The foxfire hits the gnoll.
The gnoll is almost dead.
The foxfire hits the gnoll.
You kill the gnoll!
The foxfire hits the gnoll.
The gnoll is lightly wounded.
The foxfire hits the frilled lizard.
You kill the frilled lizard!
Casting: Foxfire (safe; 4% risk of failure)
Press: ? - help, Q - select action, (/) - cycle Dir - look around, f - activate You conjure some foxfire!
The gnoll hits you from afar with a +0 spear.
* * * LOW HITPOINT WARNING * * *
The foxfire hits the gnoll but does no damage.
The gnoll is lightly wounded.
The foxfire hits the gnoll.
The gnoll is moderately wounded.
The gnoll hits you from afar with a +0 spear.
* * * LOW HITPOINT WARNING * * *
Casting: Foxfire (safe; 4% risk of failure)
Press: ? - help, Q - select action, (/) - cycle Dir - look around, f - activate You conjure some foxfire!
* * * LOW HITPOINT WARNING * * *
The gnoll hits you from afar with a +0 spear.
You die...

.....g..# #.# #.#
#.........# #.# #.#
###.........###.###.##
............##......#
#.........†.)......#
#......>..#.#''#.#.#
#..§)g.†....#lr#...#
#.§vv.###.########.#
#.§@......+ +.#
########..+ +.# #..###
#.# #....# #..#.#
#...... #.....##
#######


You could see a gnoll (ally target).

Vanquished Creatures
  2 gnolls (D:2)
  An adder (D:2)
  An endoplasm (D:2)
  2 goblins (D:2)
  2 hobgoblins
  2 jackals (D:2)
  A ball python (D:2)
  2 frilled lizards (D:2)
  3 kobolds
  A rat (D:1)
17 creatures vanquished.

Vanquished Creatures (others)
  61 foxfires
61 creatures vanquished.

Grand Total: 78 creatures vanquished

Notes
Turn   | Place    | Note
-------+----------+-------------------------------------------
     0 | D:1      | horus123 the Djinni Fire Elementalist began the quest for
                  | the Orb.
     0 | D:1      | Reached XP level 1. HP: 15/15 MP: 0/0
   123 | D:1      | Found Itufeal's Magic Scroll Boutique.
  1055 | D:2      | Reached XP level 2. HP: 9/21 MP: 0/0
  1283 | D:2      | Reached skill level 3 in Spellcasting
  1373 | D:2      | Reached XP level 3. HP: 13/25 MP: 0/0
  1373 | D:2      | Learned a level 1 spell: Freeze
  1500 | D:2      | Slain by a gnoll

Illustrated notes

Levels and vault maps discovered:
D:1:      dpeg_arrival_windows_large_door, layout_loops_cross, serial_shops,
          shop, roderic_lattice_a
D:2:      layout_basic, grunt_ministairs_10, minmay_mini_jars

Skill      XL: |  1  2 |
---------------+-------+-----
Spellcasting   | 3 |  3.4
Dodging        | |  2.4
Stealth        | |  1.6

Action                   || total
-------------------------++-------
 Cast: Foxfire           ||    40
       Freeze            ||     1
Armor: Robe              ||     1
Dodge: Dodged            ||     7
